 Dungeon Crawl Stone Soup version 0.30-a0-743-gbfdf073431 (webtiles) character file.

Game seed: 8954711094879370811

53 junb69 the Changer (level 3, -6/23 HPs)
             Began as an Octopode Transmuter on Feb 5, 2023.
             Mangled by a gnoll
             ... wielding a +0 spear
              (10 damage)
             ... on level 2 of the Dungeon.
             The game lasted 00:02:51 (1732 turns).

junb69 the Changer (Octopode Transmuter)            Turns: 1732, Time: 00:02:51

Health: -6/23      AC:  1    Str:  9    XL:     3   Next: 89%
Magic:  6/7        EV: 13    Int: 17    God:
Gold:   86         SH:  0    Dex: 12    Spells: 6/7 levels left

rFire   . . .      SeeInvis .      - Unarmed
rCold   . . .      Faith    .    (no shield)
rNeg    . . .      Spirit   .    (helmet restricted)
rPois   .          Reflect  .    (no amulet)
rElec   .          Harm     .    (no ring)
rCorr   .          Rampage  .    (no ring)
Will    .....                    (no ring)
Stlth   ++                       (no ring)
HPRegen 0.23/turn                (no ring)
MPRegen 0.10/turn                (no ring)
                                 (no ring)
                                 (no ring)

@: no status effects
A: almost no armour, amphibious, 8 rings, camouflage 1, gelatinous body 1,
(nimble swimmer 1), tentacles
a: no special abilities


You were on level 2 of the Dungeon.
You visited 1 branch of the dungeon, and saw 2 of its levels.

You collected 86 gold pieces.

Inventory:

Jewellery
 e - a +5 ring of evasion
 h - a ring of protection from fire
Scrolls
 b - a scroll of noise {unknown}
 d - a scroll of enchant weapon {unknown}
 f - 4 scrolls of teleportation {unknown}
 g - 2 scrolls of fog {unknown}
 i - a scroll of immolation {unknown}
Potions
 a - a potion of lignification
 c - a potion of invisibility {unknown}
 j - a potion of cancellation


   Skills:
 - Level 1.0 Fighting
 - Level 2.0 Dodging
 - Level 3.0 Unarmed Combat
 - Level 2.7 Spellcasting
 * Level 3.2 Transmutations
 * Level 1.0 Ice Magic


You had 6 spell levels left.
You knew the following spells:

 Your Spells              Type           Power      Damage    Failure   Level
a - Beastly Appendage     Tmut           26%        N/A       4%          1

Your spell library contained the following spells:

 Spells                   Type           Power      Damage    Failure   Level
 Wereblood                Tmut           13%        N/A       8%          2
 Kiss of Death            Conj/Necr      8%         2d6       19%         1
 Spider Form              Tmut/Pois      7%         N/A       28%         3
 Confusing Touch          Hex            2%         N/A       47%         3
 Ice Form                 Ice/Tmut       9%         N/A       58%         4
 Dispel Undead            Necr           2%         3d7       87%         4


Dungeon Overview and Level Annotations

Branches:
Dungeon (2/15)

Altars:

Annotations:
D:2 Sigmund


Innate Abilities, Weirdness & Mutations

You cannot wear most types of armour.
You are amphibious.
You can wear up to eight rings at the same time.
Your skin changes colour to match your surroundings (Stealth+).
Your rubbery body absorbs attacks. (AC +1, EV +1)
((You are camouflaged when in or above water. (Stealth+)))
You have tentacles for arms and can constrict up to eight enemies at once.


Message History

Confirm with . or Enter, or press ? or * to list all spells.
One of your tentacles grows a vicious spike.
You barely miss the rat. Your grab misses the rat.
You pierce the rat, but do no damage.
You squeeze the rat, but do no damage. The rat misses you.
You closely miss the rat. You grab the rat.
You pierce the rat.
The rat is heavily wounded.
You constrict the rat, but do no damage.
You tentacle-slap the rat.
You kill the rat!
A gnoll is nearby!
Your transformation is almost over.
The gnoll shouts!
Your tentacle spike disappears.
Casting: Beastly Appendage (safe; 4% risk of failure)
Confirm with . or Enter, or press ? or * to list all spells.
One of your tentacles grows a vicious spike.
The gnoll shouts!
The gnoll closely misses you. The gnoll hits you with a +0 spear!
You tentacle-slap the gnoll but do no damage.
Your grab misses the gnoll. The gnoll closely misses you.
You barely miss the gnoll. Your grab misses the gnoll.
You pierce the gnoll.
You squeeze the gnoll.
The gnoll is heavily wounded.
The gnoll completely misses you. The gnoll hits you with a +0 spear!
* * * LOW HITPOINT WARNING * * *
You closely miss the gnoll. You grab the gnoll.
You pierce the gnoll.
You squeeze the gnoll.
You kill the gnoll!
Your transformation is almost over.
The gnoll hits you from afar with a +0 spear.
* * * LOW HITPOINT WARNING * * *
Your Ice Magic skill increases to level 1!
It was a potion of cancellation.
Your magical effects are unravelling.
You feel magically purged.
Your tentacle spike disappears.
The gnoll hits you from afar with a +0 spear!
You die...

#####............................
...............#..........#######
##.##.#.#####.############.......
............#.# ######## #.######
.#....#.#^#.#.# #......###.######
.#...##.#.#.#.# #..........[..)..
.#..#.....#.#.# #...........#####
..............###...........# #
....#.#.#.#.#.g.@...........# #
........#.#.#.###)..........# ###
.#..#(#...........#.###.....###.8
....#.#.#.#....g.............#...
..........###.#####(#####....#...
.#..#...#.# #.# #.# #.##.#..÷
.#..#...#g###.#####.#####.##.#...
.#..#........................#_÷.
........g...........#####.##.####


You could see a gnoll.

Vanquished Creatures
  2 gnolls (D:2)
  An adder (D:2)
  A bat (D:1)
  2 endoplasms (D:1)
  A giant cockroach (D:1)
  2 hobgoblins (D:2)
  A kobold (D:1)
  2 quokkas (D:1)
  2 ball pythons (D:2)
  6 goblins
  5 rats
25 creatures vanquished.

Notes
Turn   | Place    | Note
-------+----------+-------------------------------------------
     0 | D:1      | junb69 the Octopode Transmuter began the quest for the Orb.
     0 | D:1      | Reached XP level 1. HP: 13/13 MP: 3/3
   169 | D:1      | Reached XP level 2. HP: 12/18 MP: 3/5
  1130 | D:2      | Found a faded altar of an unknown god.
  1239 | D:2      | Noticed Sigmund
  1344 | D:2      | Reached XP level 3. HP: 15/23 MP: 5/7
  1732 | D:2      | Reached skill level 1 in Ice Magic
  1732 | D:2      | Mangled by a gnoll

Illustrated notes

Levels and vault maps discovered:
D:1:      sevenhm_arrival_forest_fort_small_4, layout_basic, patterned_corridor
D:2:      layout_basic, shapermc_ecumenical_altar_pompeii, uniq_sigmund

Skill      XL: |  1  2  3 |
---------------+----------+-----
Transmutations | 3 |  3.2
Ice Magic      | 1 |  1.0
Fighting       | |  1.0
Dodging        | |  2.0
Unarmed Combat | |  3.0
Spellcasting   | |  2.7

Action                     || total
---------------------------++-------
  Melee: Unarmed           ||    49
         Kick              ||    16
         Constrict         ||    12
         Tentacles         ||    11
   Cast: Beastly Appendage ||    19
    Use: Potion            ||     1
   Stab: Sleeping          ||     4
 Armour: Skin              ||     4
  Dodge: Dodged            ||    26

Table legend: (Time is in decaauts)
 A = Elapsed time spent in this place.
 B = Non-inter-level travel time spent in this place.
 C = Inter-level travel time spent in this place.
 D = Time resting spent in this place.
 E = Time spent auto-exploring this place.
 F = Levels seen in this place.
 G = Mean time per level.
                   A        B        C        D        E       F      G
               +--------+--------+--------+--------+--------+-----+--------+
         Total |   1728 |   1666 |     62 |      3 |   1374 |   2 |  864.0 |
       Dungeon |   1728 |   1666 |     62 |      3 |   1374 |   2 |  864.0 |
               +--------+--------+--------+--------+--------+-----+--------+

Top non-repeatable levels by time:
     D:1: 999 daAuts
     D:2: 729 daAuts
